Map: Prion Terraces

Players

ILLBdA

  • Race: Protoss Protoss
  • League: Diamond

꼬마저글링 - Winner!

  • Race: Zerg Zerg
  • League: Diamond

VOD

Have the link to the VOD?

Description

Time

  • Played on: Dec. 22, 2015, 7:29 a.m.
  • Length: 2:34
Show
View Real Time Build Order
Export as new Build Order

ILLBdA Protoss 

Build Orders:  

Get SALT Encoding   

  12  0:01  Probe (Chrono Boost)  
  13  0:12  Probe (Chrono Boost)  
  14  0:19  Pylon  
  14  0:22  Probe (Chrono Boost)  
  15  0:38  Probe (Chrono Boost)  
  15  0:40  Forge  
  16  0:48  Probe (Chrono Boost)  
  17  0:59  Probe (Chrono Boost)  
  18  1:14  Pylon  
  18  1:15  Pylon  
  18  1:17  Pylon  
  18  1:19  Pylon  
  18  1:21  Pylon  
  18  1:42  Photon Cannon  
  18  1:43  Photon Cannon  
  18  1:59  Pylon  
  18  2:01  Photon Cannon  
  18  2:03  Photon Cannon  
  18  2:19  Pylon  
  18  2:30  Pylon  
  18  2:31  Pylon  
Show
View Real Time Build Order
Export as new Build Order

꼬마저글링 Zerg - Winner!

Build Orders: Hatch First 

Get SALT Encoding   

  12  0:01  Drone  
  13  0:12  Overlord  
  13  0:17  Drone  
  14  0:31  Drone  
  16  0:35  Drone  
  16  0:45  Drone  
  17  0:57  Drone  
  17  1:01  Hatchery  
  17  1:16  Spawning Pool  
  16  1:29  Drone x3  
  18  2:02  Zergling x6  
  21  2:14  Zergling x2  
Tags
 
Matchup
PvZ
Replay Pack
me
Add a new tag
Caveats
  • Supply blocks, unpowered buildings, or Contaminate may cause inaccurate times.
  • Supply counts are checked every 10 seconds.